Map: Dusk Towers

Players

FireCake - Winner!

  • Race: Zerg Zerg
  • League: Master

Lilbow

  • Race: Protoss Protoss
  • League: Grandmaster

Event: DreamHack ZOWIE Open Leipzig

VOD

Have the link to the VOD?

Description

Time

  • Played on: Jan. 22, 2016, 8:39 a.m.
  • Length: 11:06

All games in this series

Show
View Real Time Build Order
Export as new Build Order

FireCake Zerg - Winner!

Build Orders: Pool First 

Get SALT Encoding   

  12  0:00  Drone  
  13  0:21  Spawning Pool  
  13  0:24  Drone  
  13  0:29  Drone  
  13  0:35  Drone, Extractor  
  14  0:42  Overlord  
  15  1:10  Zergling x6  
  18  1:16  Hatchery  
  17  1:21  Zergling x2  
  18  1:32  Zergling x2  
  19  1:46  Hatchery  
  18  1:51  Drone  
  19  1:56  Drone  
  20  2:13  Drone  
  21  2:20  Drone  
  22  2:29  Queen x2  
  26  2:34  Drone  
  26  2:35  Drone  
  27  2:49  Drone x2  
  27  2:52  Drone  
  27  2:53  Drone  
  27  2:56  Extractor  
  26  2:59  Queen  
  26  3:01  Overlord  
  28  3:09  Queen  
  30  3:14  Drone x2  
  30  3:16  Zergling x2  
  33  3:21  Overlord  
  33  3:27  Drone x2  
  33  3:29  Drone  
  36  3:43  Drone x5  
  41  3:55  Drone x5  
  41  3:56  Drone  
  46  4:03  Drone  
  46  4:04  Drone  
  46  4:06  Drone  
  49  4:15  Overlord x2  
  49  4:16  Drone  
  50  4:23  Extractor  
  50  4:24  Lair, Extractor  
  48  4:25  Drone x2  
  48  4:26  Extractor  
  48  4:30  Drone  
  50  4:37  Drone x8  
  58  4:45  Drone  
  59  4:50  Drone x6  
  59  4:52  Overlord x2  
  65  5:01  Evolution Chamber  
  65  5:03  Roach Warren, Overlord x2  
  63  5:12  Zergling x2  
  63  5:13  Drone  
  65  5:19  Extractor x2  
  65  5:21  Drone x4  
  67  5:22  Drone x3  
  67  5:24  Overseer  
  67  5:26  Drone x4  
  67  5:28  Zerg Missile Weapons Level 1  
  74  5:41  Overlord  
  74  5:42  Drone x5  
  79  5:45  Glial Reconstitution  
  79  5:49  Roach x4  
  87  5:52  Overlord x2  
  87  5:53  Roach  
  89  6:02  Roach  
  89  6:03  Spire, Roach x3  
  95  6:06  Hydralisk Den  
  95  6:07  Spore Crawler x2  
  95  6:08  Spore Crawler  
  92  6:14  Spore Crawler  
  92  6:15  Spore Crawler  
  90  6:21  Hatchery  
  89  6:28  Infestation Pit  
  86  6:33  Drone x4  
  86  6:34  Drone x4  
  88  6:45  Hydralisk x5  
  88  6:46  Hydralisk  
  98  7:00  Drone x9  
  105  7:05  Drone  
  105  7:07  Hive  
  106  7:16  Overlord x2  
  102  7:25  Spire  
  102  7:28  Spore Crawler  
  100  7:30  Drone x3  
  100  7:34  Drone x3  
  100  7:35  Drone x6  
  108  7:41  Drone  
  108  7:42  Drone x2  
  111  7:50  Spore Crawler, Extractor  
  107  7:53  Hydralisk x7  
  107  7:58  Zerg Missile Weapons Level 2  
  121  8:05  Drone  
  121  8:07  Overlord x2  
  121  8:15  Muscular Augments  
  121  8:26  Viper x4  
  130  8:29  Roach x5  
  143  8:37  Overlord  
  143  8:38  Overlord x5  
  143  8:40  Greater Spire  
  143  8:47  Spore Crawler  
  142  9:00  Corruptor  
  142  9:01  Corruptor x4  
  142  9:02  Corruptor  
  154  9:11  Roach x6  
  166  9:22  Overlord x2  
  166  9:36  Overlord  
  164  9:40  Spore Crawler  
  164  9:41  Spore Crawler  
  164  9:43  Overseer  
  162  9:51  Brood Lord x4  
  170  9:55  Spine Crawler  
  170  9:56  Spine Crawler  
  170  9:57  Spine Crawler  
  170  9:58  Spine Crawler  
  170  9:59  Brood Lord  
  168  10:04  Drone x4  
  168  10:05  Drone x4  
  176  10:07  Extractor  
  176  10:09  Brood Lord  
  177  10:16  Spine Crawler  
  177  10:18  Hydralisk x3  
  177  10:20  Hydralisk  
  182  10:22  Hatchery  
  181  10:47  Roach x9  
Show
View Real Time Build Order
Export as new Build Order

Lilbow Protoss 

Build Orders: Nexus First 

Get SALT Encoding   

  12  0:01  Probe (Chrono Boost)  
  13  0:11  Probe (Chrono Boost)  
  14  0:16  Pylon  
  14  0:22  Probe (Chrono Boost)  
  15  0:35  Probe (Chrono Boost)  
  16  0:45  Probe (Chrono Boost)  
  17  0:57  Nexus  
  17  1:06  Gateway  
  17  1:10  Probe (Chrono Boost)  
  18  1:15  Assimilator  
  18  1:20  Probe (Chrono Boost)  
  18  1:23  Assimilator  
  19  1:31  Probe (Chrono Boost)  
  20  1:36  Gateway  
  20  1:53  Zealot (Chrono Boost)  
  20  1:54  Cybernetics Core  
  23  1:56  Pylon  
  22  2:10  Probe  
  23  2:16  Zealot (Chrono Boost)  
  23  2:21  Probe (Chrono Boost)  
  26  2:30  Mothership Core (Chrono Boost)  
  28  2:38  Zealot  
  30  2:49  Probe (Chrono Boost)  
  30  2:51  Probe (Chrono Boost)  
  29  2:59  Probe (Chrono Boost)  
  29  3:01  Probe (Chrono Boost)  
  31  3:06  Assimilator  
  31  3:07  Warp Gate  
  31  3:10  Probe (Chrono Boost)  
  31  3:12  Probe (Chrono Boost)  
  33  3:21  Probe (Chrono Boost)  
  33  3:22  Probe (Chrono Boost)  
  33  3:25  Gateway  
  35  3:31  Probe (Chrono Boost)  
  35  3:33  Probe (Chrono Boost)  
  37  3:42  Probe (Chrono Boost)  
  37  3:43  Probe (Chrono Boost)  
  39  3:52  Probe (Chrono Boost)  
  39  3:53  Pylon  
  39  3:54  Probe (Chrono Boost)  
  37  4:03  Probe (Chrono Boost)  
  37  4:05  Probe (Chrono Boost)  
  37  4:13  Sentry x2, Probe (Chrono Boost)  
  37  4:15  Probe (Chrono Boost)  
  43  4:18  Nexus  
  43  4:21  Pylon  
  44  4:24  Probe (Chrono Boost)  
  44  4:26  Probe (Chrono Boost)  
  44  4:30  Assimilator  
  45  4:31  Assimilator  
  45  4:34  Probe (Chrono Boost)  
  45  4:36  Probe (Chrono Boost)  
  47  4:45  Probe (Chrono Boost)  
  48  4:47  Probe (Chrono Boost)  
  48  4:50  Stargate  
  49  4:55  Probe (Chrono Boost), Stargate  
  49  4:57  Probe (Chrono Boost)  
  51  5:06  Probe (Chrono Boost)  
  52  5:08  Probe (Chrono Boost)  
  52  5:13  Adept x2  
  57  5:14  Gateway  
  57  5:16  Probe  
  57  5:18  Probe  
  57  5:19  Pylon  
  59  5:29  Probe x2  
  59  5:30  Probe  
  59  5:31  Adept x2  
  66  5:39  Phoenix x2 (Chrono Boost)  
  66  5:41  Probe x2  
  72  5:43  Probe  
  73  5:50  Adept x2, Pylon  
  73  5:53  Probe x2  
  73  5:55  Probe  
  80  6:01  Phoenix x2 (Chrono Boost)  
  84  6:05  Probe  
  84  6:06  Assimilator  
  84  6:08  Probe x2, Assimilator  
  87  6:17  Probe  
  88  6:20  Probe x2  
  88  6:22  Robotics Facility  
  88  6:23  Phoenix (Chrono Boost)  
  92  6:29  Probe  
  93  6:33  Phoenix (Chrono Boost)  
  83  6:44  Phoenix (Chrono Boost)  
  85  6:48  Pylon  
  85  6:49  Robotics Facility  
  85  6:50  Pylon  
  85  6:52  Pylon  
  85  6:55  Phoenix (Chrono Boost)  
  85  6:57  Zealot x3  
  85  7:00  Pylon  
  93  7:06  Phoenix (Chrono Boost)  
  95  7:12  Immortal (Chrono Boost)  
  99  7:16  Forge, Phoenix (Chrono Boost)  
  99  7:17  Robotics Facility  
  99  7:18  Pylon x2  
  101  7:24  Zealot x3  
  107  7:40  Immortal (Chrono Boost)  
  107  7:43  Pylon  
  111  7:46  Twilight Council  
  111  7:47  Immortal (Chrono Boost)  
  111  7:49  Pylon  
  115  7:51  Pylon  
  115  7:54  Protoss Ground Weapons Level 1 (Chrono Boost)  
  115  8:04  Immortal (Chrono Boost)  
  119  8:14  Gateway  
  119  8:15  Gateway  
  119  8:16  Immortal (Chrono Boost)  
  119  8:17  Gateway  
  123  8:22  Charge  
  123  8:23  Immortal (Chrono Boost)  
  127  8:32  Templar Archives  
  127  8:33  Gateway x2  
  127  8:39  Immortal (Chrono Boost)  
  131  8:45  Probe  
  131  8:47  Zealot x3  
  138  8:50  Immortal (Chrono Boost)  
  138  8:52  Gateway  
  138  8:53  Gateway  
  142  9:03  Pylon x2  
  142  9:04  Pylon  
  142  9:05  Immortal (Chrono Boost)  
  146  9:10  High Templar x2  
  146  9:13  Immortal (Chrono Boost)  
  154  9:19  Archon  
  158  9:24  Immortal (Chrono Boost), Pylon  
  158  9:35  Zealot  
  158  9:36  Zealot x2  
  164  9:39  Warp Prism (Chrono Boost)  
  164  9:42  Pylon  
  166  9:45  High Templar  
  166  9:46  Zealot x3, High Templar  
  166  9:47  Observer (Chrono Boost)  
  166  9:50  Oracle, Archon  
  180  9:54  Zealot x2  
  180  9:57  Zealot  
  180  9:58  Zealot  
  180  9:59  Zealot  
  190  10:25  Nexus  
  190  10:26  High Templar x3  
  190  10:27  Zealot, High Templar  
  200  10:30  Archon  
  200  10:31  Archon  
  173  10:51  Stalker x6  
  149  10:59  Stalker x3  

Tags
 
Add a new tag
Caveats
  • Supply blocks, unpowered buildings, or Contaminate may cause inaccurate times.
  • Supply counts are checked every 10 seconds.